 Dungeon Crawl Stone Soup version 0.27-a0-1308-gc08437e49b (webtiles) character file.

Game seed: 16552584641768700440

3142 Orlauf the Fighter (level 9, -3/97 HPs)
             Began as an Ogre Hunter on June 18, 2021.
             Was a Priest of Okawaru.
             Slain by a komodo dragon (19 damage)
             ... on level 9 of the Dungeon.
             The game lasted 00:13:06 (8548 turns).

Orlauf the Fighter (Ogre Hunter)                    Turns: 8548, Time: 00:13:08

Health: -3/97      AC:  7    Str: 18    XL:     9   Next: 93%
Magic:  21/21      EV: 10    Int: 22    God:    Okawaru [***...]
Gold:   316        SH:  0    Dex: 12    Spells: 8/8 levels left

rFire    . . .     SeeInvis .   b - +3 giant spiked club (venom)
rCold    . . .     Faith    .   (shield currently unavailable)
rNeg     . . .     Spirit   .   i - +1 robe
rPois    .         Reflect  .   (helmet restricted)
rElec    +         Harm     .   o - +2 cloak
rCorr    .         Rampage  .   (gloves unavailable)
Will     .....                  (boots unavailable)
Stlth    +.........             (no amulet)
HPRegen  0.26/turn              j - ring "Kucen" {rElec Will- MP+9 Int+10}
MPRegen  0.17/turn              (no ring)

@: studying Conjurations
A: large, unfitting armour, tough skin 1
a: Renounce Religion, Heroism


You were on level 9 of the Dungeon.
You worshipped Okawaru.
Okawaru was most pleased with you.
You visited 2 branches of the dungeon, and saw 10 of its levels.

You collected 431 gold pieces.
You spent 115 gold pieces at shops.

Inventory:

Hand Weapons
 a - a +0 hunting sling
 b - a +3 giant spiked club of venom (weapon)
 l - a +1 mace of protection
 w - a +3 mace
Missiles
 d - 2 throwing nets
 f - 259 stones
 h - 8 boomerangs
 q - 94 sling bullets
 v - 3 large rocks
Armour
 i - a +1 robe (worn)
 o - a +2 cloak (worn)
Jewellery
 j - the ring "Kucen" (left hand) {rElec Will- MP+9 Int+10}
   (You bought it in a shop on level 2 of the Dungeon)

   [ring of magical power]

   It affects your intelligence (+10).
   It insulates you from electricity.
   It affects your magic capacity (+9).
   It decreases your willpower.
 k - a ring of fire
 t - a +6 ring of strength
 y - a ring of protection from cold
Wands
 c - a wand of polymorph (4)
 p - a wand of mindburst (1) (quivered)
Scrolls
 g - 4 scrolls of amnesia
 n - 2 scrolls of magic mapping
Potions
 m - 2 potions of curing
 r - a potion of magic
 s - a potion of brilliance {unknown}
 u - 2 potions of lignification


   Skills:
 + Level 8.6 Fighting
 * Level 8.1 Maces & Flails
 + Level 7.5 Throwing
 - Level 1.7 Dodging
 - Level 0.6 Stealth
 + Level 5.3 Invocations


You had 8 spell levels left.
You didn't know any spells.
Your spell library contained the following spells:

 Spells                   Type           Power      Damage    Failure   Level
 Animate Skeleton         Necr           0%         N/A       17%         1
 Apportation              Tloc           0%         N/A       17%         1
 Corona                   Hex            0%         N/A       17%         1
 Summon Small Mammal      Summ           0%         N/A       17%         1
 Lesser Beckoning         Tloc           0%         N/A       45%         3
 Tukima's Dance           Hex            0%         N/A       45%         3
 Alistair's Intoxication  Tmut/Pois      0%         N/A       99%         5
 Invisibility             Hex            0%         N/A       100%        6


Dungeon Overview and Level Annotations

Branches:
Dungeon (9/15)             Temple (1/1) D:5
   Lair: D:8-11         Orc: D:9-12

Altars:
Ashenzari
Cheibriados
Dithmenos
Elyvilon
Fedhas
Gozag
Hepliaklqana
Kikubaaqudgha
Makhleb
Nemelex Xobeh
Okawaru
Ru
Trog
Uskayaw
Xom

Shops:
D:2 *


Innate Abilities, Weirdness & Mutations

You are too large for most types of armour.
You have tough skin. (AC +1)


Message History

You are too injured to fight recklessly!
You are too injured to fight recklessly!
You are too injured to fight recklessly!
You are too injured to fight recklessly!
You are too injured to fight recklessly!
You are too injured to fight recklessly!
You are too injured to fight recklessly!
You are too injured to fight recklessly!
You are too injured to fight recklessly!
You are too injured to fight recklessly!
You are too injured to fight recklessly!
You hit the black bear.
You kill the black bear!
Okawaru accepts your kill.
You feel sick.
The komodo dragon hisses menacingly.
The centaur barely misses you. x2
Your Maces & Flails skill increases to level 8!
You bludgeon the centaur!!
The centaur is almost dead.
You feel sick.
You are no longer poisoned.
The centaur hits you. The centaur kicks you. The centaur barely misses you.
The centaur kicks you but does no damage.
The centaur hits you. The centaur completely misses you.
You sock the centaur!
You kill the centaur!
Okawaru accepts your kill.
The komodo dragon hisses menacingly. x2
The komodo dragon bites you!!
* * * LOW HITPOINT WARNING * * *
Unknown command.
You feel much better. The komodo dragon bites you!!
* * * LOW HITPOINT WARNING * * *
Aiming: Mindburst
Press: ? - help, Q - select action, (/) - cycle Shift-Dir - straight line, f - komodo dragon
Aim: a komodo dragon (chance to affect: 48%)
The komodo dragon's mind is blasted!
The komodo dragon bites you!!
You die...

P.(.......###
##...#.
.P.(P..(....#
#...)#.
P...........#
#...).)
PP.(.c......#
#......
...P.hl.....#
##.#.##
P...#.......#
#...# .
#...†...# #####
#####†#########
#.hl@..†..#
#########.# ###
#.# #.# #.# #.#
#.# #.#### #.#
#..... #.#
#.#### #.# #.#
#.######.#


You could see a komodo dragon and a black bear.

Vanquished Creatures
  Joseph (D:8)
  A komodo dragon (D:9)
  A hornet (D:7)
  A water moccasin (D:9)
  2 black bears
  An ice beast (D:7)
  A necrophage (D:7)
  An orc warrior (D:9)
  An ogre (D:4)
  A centaur (D:9)
  4 bullfrogs
  A gnoll sergeant (D:7)
  3 scorpions
  2 wyvern zombies
  2 centaur zombies
  2 howler monkeys (D:7)
  A bullfrog skeleton (D:7)
  4 orc priests
  3 hounds
  A jelly (D:5)
  2 centaur skeletons
  A gnoll shaman (D:7)
  6 orc wizards
  4 iguanas
  A howler monkey zombie (D:8)
  7 gnolls (D:7)
  4 adders
  A white imp (D:8)
  An ufetubus (D:5)
  An adder skeleton (D:4)
  A worm (D:4)
  3 dart slugs
  39 orcs
  6 ball pythons
  4 bats
  12 endoplasms
  6 giant cockroaches
  5 goblins
  8 hobgoblins
  2 jackals (D:1)
  2 kobolds
  A quokka (D:2)
  7 frilled lizards
  2 rats
160 creatures vanquished.

Vanquished Creatures (others)
  30 fungi (D:9)
  34 plants (D:9)
64 creatures vanquished.

Grand Total: 224 creatures vanquished

Notes
Turn   | Place    | Note
-------+----------+-------------------------------------------
     0 | D:1      | Orlauf the Ogre Hunter began the quest for the Orb.
     0 | D:1      | Reached XP level 1. HP: 22/22 MP: 1/1
   169 | D:1      | Reached XP level 2. HP: 31/31 MP: 2/2
   170 | D:1      | Reached skill level 1 in Maces & Flails
   719 | D:1      | Reached XP level 3. HP: 37/37 MP: 3/3
   977 | D:1      | Found a faded altar of an unknown god.
  1141 | D:2      | Found Kunaskuode's Assorted Antiques.
  1531 | D:2      | Reached XP level 4. HP: 45/45 MP: 4/4
  1963 | D:2      | Bought a glittering bone ring for 115 gold pieces
  1963 | D:2      | Identified the ring "Kucen" {rElec Will- MP+9 Int+10} (You
                  | bought it in a shop on level 2 of the Dungeon)
  2439 | D:3      | You fall into a shaft and drop 1 floor!
  2442 | D:4      | Reached XP level 5. HP: 50/54 MP: 5/5
  2493 | D:4      | Noticed an ogre
  2559 | D:4      | Killed an ogre
  2560 | D:4      | Reached skill level 5 in Throwing
  2560 | D:4      | Reached XP level 6. HP: 57/63 MP: 6/6
  3595 | D:4      | Found a burning altar of Makhleb.
  3600 | D:4      | Found an ancient bone altar of Kikubaaqudgha.
  3604 | D:4      | Found a shimmering altar of Xom.
  3606 | D:4      | Found an opulent altar of Gozag.
  3607 | D:4      | Found a sparkling altar of Nemelex Xobeh.
  3607 | D:4      | Found a snail-covered altar of Cheibriados.
  3608 | D:4      | Found a blossoming altar of Fedhas.
  3610 | D:4      | Found a bloodstained altar of Trog.
  3613 | D:4      | Found a sacrificial altar of Ru.
  3694 | D:4      | Reached skill level 5 in Fighting
  3914 | D:5      | Entered Level 5 of the Dungeon
  3942 | D:4      | Reached XP level 7. HP: 35/72 MP: 7/7
  4454 | D:5      | Found a staircase to the Ecumenical Temple.
  4483 | Temple   | Entered the Ecumenical Temple
  4489 | Temple   | Became a worshipper of Warmaster Okawaru
  4548 | D:5      | Reached skill level 5 in Maces & Flails
  4548 | D:5      | Reached skill level 1 in Invocations
  4551 | D:5      | Reached * piety under Okawaru
  5271 | D:6      | Reached XP level 8. HP: 28/83 MP: 9/9
  6639 | D:7      | Reached ** piety under Okawaru
  6718 | D:7      | Noticed a hornet
  6725 | D:7      | Killed a hornet
  6726 | D:7      | Reached XP level 9. HP: 77/93 MP: 11/11
  7188 | D:7      | Found a hazy altar of Hepliaklqana.
  7608 | D:8      | Found a broken altar of Ashenzari.
  7629 | D:8      | Noticed Joseph
  7654 | D:8      | Killed Joseph
  8095 | D:9      | Identified a scroll of acquirement
  8095 | D:9      | Acquired a manual of Conjurations
  8198 | D:9      | Reached *** piety under Okawaru
  8464 | D:9      | Noticed a komodo dragon
  8488 | D:9      | Killed a komodo dragon
  8534 | D:9      | Noticed a komodo dragon
  8535 | D:9      | Reached skill level 5 in Invocations
  8548 | D:9      | Slain by a komodo dragon

Illustrated notes

Levels and vault maps discovered:
D:1:      dpeg_arrival_short_road, layout_loops_corners,
          ebering_ecumenical_altar_webs
D:2:      layout_loops_ring, serial_shops, shop, minmay_tetromino_l2
D:3:      layout_loops_ring
D:4:      layout_rooms, minitemple, minmay_cut_off
D:5:      layout_cave_pools, minmay_temple_entry_mini_moons
D:6:      layout_rooms
D:7:      layout_loops_corners, nicolae_hepliaklqana_hippocampus,
          kennysheep_generic_room_8
D:8:      layout_rooms, ashenzari_conservatory_becter, uniq_joseph
D:9:      layout_basic, due_lair_maze_entry_diamond, serial_shops, shop,
          chequers_serial_rivers_micro_d, kennysheep_generic_room_14
Temple:   chequers_temple_sunken

Skill      XL: |  1  2  3  4  5  6  7  8  9 |
---------------+----------------------------+-----
Fighting       | 3 4 5 6 7 8 |  8.6
Maces & Flails | 1 2 3 4 5 6 8 |  8.1
Throwing       | 5 6 7 |  7.5
Invocations    | 1 3 5 |  5.3
Dodging        | |  1.7
Stealth        | |  0.6

Action                   |  1- 3 |  4- 6 |  7- 9 || total
-------------------------+-------+-------+-------++-------
Melee: Mace              |    37 |   115 |    76 ||   228
       Short sword       |     2 |       |       ||     2
       Giant spiked club |       |     1 |    88 ||    89
 Fire: Hunting sling     |       |       |    28 ||    28
Throw: Large rock        |     2 |    12 |     9 ||    23
       Stone             |   113 |    57 |    76 ||   246
       Throwing net      |       |     2 |     1 ||     3
       Boomerang         |       |       |    23 ||    23
Invok: Heroism           |       |       |     1 ||     1
Evoke: Wand              |       |       |    15 ||    15
  Use: Potion            |       |     2 |     5 ||     7
       Scroll            |       |     6 |     9 ||    15
 Stab: Sleeping          |     1 |     1 |     1 ||     3
       Held in net/web   |       |     1 |       ||     1
Armor: Robe              |    17 |    29 |    79 ||   125
       Skin              |       |     5 |     2 ||     7
Dodge: Dodged            |    21 |    46 |   101 ||   168

Table legend: (Time is in decaauts)
 A = Elapsed time spent in this place.
 B = Non-inter-level travel time spent in this place.
 C = Inter-level travel time spent in this place.
 D = Time resting spent in this place.
 E = Time spent auto-exploring this place.
 F = Levels seen in this place.
 G = Mean time per level.
                   A        B        C        D        E       F      G
               +--------+--------+--------+--------+--------+-----+--------+
         Total |   8622 |   8374 |    248 |   1743 |   5312 |  10 |  862.2 |
       Dungeon |   8608 |   8367 |    241 |   1743 |   5312 |   9 |  956.4 |
        Temple |     14 |      7 |      7 |      0 |      0 |   1 |   14.0 |
               +--------+--------+--------+--------+--------+-----+--------+

Top non-repeatable levels by time:
     D:7: 1347 daAuts
     D:4: 1163 daAuts
     D:1: 1139 daAuts
     D:5: 1102 daAuts
     D:3: 1041 daAuts
     D:6: 914 daAuts
     D:2: 783 daAuts
     D:8: 649 daAuts
     D:9: 466 daAuts
  Temple: 14 daAuts
